 Dungeon Crawl Stone Soup version 0.27-a0-1565-gad902ab807 (webtiles) character file.

Game seed: 1226849749731674640

17952 mordus the Fighter (level 12, -12/94 HPs)
             Began as a Djinni Conjurer on July 16, 2021.
             Was an Initiate of Gozag.
             Mangled by a skeletal warrior (16 damage)
             ... on level 12 of the Dungeon.
             The game lasted 00:51:28 (15195 turns).

mordus the Fighter (Djinni Conjurer)               Turns: 15195, Time: 00:51:30

Health: -12/94     AC:  9    Str:  6    XL:     12   Next: 89%
Gold:   2391       EV: 17    Int: 31    God:    Gozag SH:  8 Dex: 16

rFire    + + +     SeeInvis .   r - +4 hunting sling
rCold    x x .     Faith    .   m - +3 buckler {AC+3}
rNeg     . . .     Spirit   .   F - +2 robe {Will+}
rPois    ∞         Reflect  .   N - +0 helmet
rElec    .         Harm     .   c - +0 cloak
rCorr    .         Rampage  .   (no gloves)
Will     +++..                  (boots unavailable)
Stlth    ++........             (no amulet)
HPRegen  0.25/turn              j - +6 ring of intelligence
MPRegen  0.00/turn              k - ring "Lomuiqit" {Fire Will+ Dex+2 Slay+3}

@: flying
A: sickness immunity, fire resistance 2, cold vulnerability 1, float, innate
caster, hp casting, extra vitality 1, agile 1
a: Renounce Religion, Potion Petition, Call Merchant, Bribe Branch


You were on level 12 of the Dungeon.
You worshipped Gozag.
Gozag was most pleased with you.
You visited 1 branch of the dungeon, and saw 12 of its levels.
You also visited: Bailey.

You collected 2458 gold pieces.
You paid 67 gold pieces to Gozag.

Inventory:

Hand Weapons
 r - a +4 hunting sling (weapon)
Missiles
 e - 303 stones (quivered ammo)
 i - 85 sling bullets
 n - 7 boomerangs of dispersal
 o - a curare-tipped dart
 y - 2 throwing nets
Armour
 a - a +0 robe
 c - a +0 cloak (worn)
 m - a +3 buckler of protection (worn)
 F - a +2 robe of willpower (worn)
 N - a +0 helmet (worn)
Jewellery
 b - a ring of positive energy
 h - a +6 ring of dexterity
 j - a +6 ring of intelligence (left hand)
 k - the ring "Lomuiqit" (right hand) {Fire Will+ Dex+2 Slay+3}
   (You found it on level 8 of the Dungeon)

   [ring of fire]

   It enhances your fire magic.
   Dex:       It affects your dexterity (+2).
   Slay:      It affects your accuracy & damage with ranged weapons and melee
   (+3).
   rF:        It protects you from fire.
   rC:        It makes you vulnerable to cold.
   Will:      It increases your willpower.
 D - a ring of wizardry
 I - a ring of ice
Wands
 s - a wand of digging (6)
 C - a wand of iceblast (14)
 E - a wand of flame (43)
 G - a wand of polymorph (23)
 K - a wand of acid (7)
 M - a wand of charming (4)
Scrolls
 q - 2 scrolls of blinking
 v - 4 scrolls of vulnerability
 w - 9 scrolls of identify
 x - 3 scrolls of fear
 A - 3 scrolls of enchant weapon
 B - a scroll of brand weapon {unknown}
 H - 2 scrolls of teleportation
 J - a scroll of magic mapping
Potions
 d - 3 potions of invisibility
 f - a potion of berserk rage
 g - 5 potions of brilliance
 l - a potion of lignification {unknown}
 p - 6 potions of curing
 t - 3 potions of heal wounds
 u - 3 potions of attraction
 z - 2 potions of haste
 L - a potion of magic
 O - a potion of cancellation {unknown}


   Skills:
 * Level 11.3 Fighting
 + Level 6.5 Slings
 + Level 9.5 Dodging
 - Level 1.5 Stealth
 - Level 4.0 Shields
 * Level 9.6 Spellcasting


You had one spell level left.
You knew the following spells:

 Your Spells              Type           Power      Damage    Failure   Level
a - Magic Dart            Conj           100%       1d8       1%          1
b - Searing Ray           Conj           100%       3d7       1%          2
c - Dazzling Flash        Conj/Hex       100%       N/A       1%          3
d - Fulminant Prism       Conj/Hex       32%        3d16      1%          4
e - Iskenderun's Mystic   Conj/Tloc      65%        2d13      1%          4
f - Sting                 Tmut/Pois      100%       1d8       1%          1
g - Poisonous Vapours     Pois/Air       100%       N/A       1%          2
h - Vampiric Draining     Necr           32%        2d10      1%          3
i - Animate Dead          Necr           32%        N/A       1%          4
j - Lee's Rapid Deconstr  Erth           32%        3d18*     1%          5
Your spell library was empty.

Dungeon Overview and Level Annotations

Branches:
Dungeon (12/15)            Temple (0/1) D:4            Lair (0/6) D:9
    Orc (0/2) D:12         Bailey (visited)

Altars:
Cheibriados
Dithmenos
Elyvilon
Fedhas
Gozag
Makhleb
Ru
Sif Muna
Uskayaw
Xom
The Shining One

Shops:
D:2 *   D:8 *   D:11 (


Innate Abilities, Weirdness & Mutations

You are immune to sickness and miasma.
You are immune to poison.
Your flesh is very heat resistant. (rF++)
You are vulnerable to cold. (rC-)
You float through the air rather than walking.
You learn spells naturally, not from books.
Your magical power is your life essence.
You have superior vitality. (+4 HP)
You are agile. (Dex +2)


Message History

The skeletal warrior is knocked back by the mystic blast.
* * * LOW HITPOINT WARNING * * *
Fire: 308 stones
Press: ? - help, Q - select action, (/) - cycle Shift-Dir - straight line, f/p - skeletal warrior
Aim: a skeletal warrior, wielding a +0 battleaxe (almost destroyed, 73% to hit)
You shoot a stone.
The stone hits the skeletal warrior but does no damage.
The skeletal warrior is almost destroyed.
Fire: 307 stones
Press: ? - help, Q - select action, (/) - cycle Shift-Dir - straight line, f/p - skeletal warrior
Aim: a skeletal warrior, wielding a +0 battleaxe (almost destroyed, 73% to hit)
You shoot a stone.
The stone hits the skeletal warrior but does no damage.
The skeletal warrior is almost destroyed.
Fire: 306 stones
Press: ? - help, Q - select action, (/) - cycle Shift-Dir - straight line, f/p - skeletal warrior
Aim: a skeletal warrior, wielding a +0 battleaxe (almost destroyed, 73% to hit)
You shoot a stone.
The stone hits the skeletal warrior but does no damage.
The skeletal warrior is almost destroyed.
Fire: 305 stones
Press: ? - help, Q - select action, (/) - cycle Shift-Dir - straight line, f/p - skeletal warrior
Aim: a skeletal warrior, wielding a +0 battleaxe (almost destroyed, 73% to hit)
You shoot a stone.
The stone hits the skeletal warrior but does no damage.
The skeletal warrior is almost destroyed.
Fire: 304 stones
Press: ? - help, Q - select action, (/) - cycle Shift-Dir - straight line, f/p - skeletal warrior
Aim: a skeletal warrior, wielding a +0 battleaxe (almost destroyed, 73% to hit)
You shoot a stone. The stone hits the skeletal warrior.
The skeletal warrior is almost destroyed.
Casting: Iskenderun's Mystic Blast (mildly dangerous; 1% risk of failure)
Confirm with . or Enter, or press ? or * to list all spells.
You erupt in a blast of force!
The mystic blast hits the skeletal warrior but does no damage.
The skeletal warrior is almost destroyed.
* * * LOW HITPOINT WARNING * * *
The skeletal warrior hits you with a +0 battleaxe!
You die...
Your body crumbles into a pile of gold.

######################## ######
#..........##........<.# #.....
#..........##..........# #.....
#..........##..........# #.....
#..........#....@z((((.# #.....
#..........#...........# ###.....
#..>..[....#...........###.'.....
#..........#...........##..#.....
#..........#...........'..##.....
#..........#..(........#####.....
#............########'## #.....
#..........### #.# ######
######'##### #.#


You could see a skeletal warrior.

Vanquished Creatures
  Kirke (D:12)
  2 two-headed ogres
  Urug (D:12)
  A skeletal warrior (D:11)
  An orc knight (Bailey)
  An ugly thing (D:12)
  An elephant (D:9)
  Joseph (D:8)
  An unseen horror (D:10)
  Prince Ribbit (D:5)
  3 trolls (D:11)
  A hornet (D:11)
  5 slime creatures (D:12)
  2 wraiths (D:12)
  Sigmund (D:4)
  A vampire (D:12)
  19 yaks
  The ghost of DocClef the Covert, an amateur GnDe of Okawaru (D:7)
  2 hogs (D:12)
  A human (D:12)
  7 vampire mosquitoes (D:10)
  An acid dragon (D:10)
  5 water moccasins
  4 orc warriors
  A sky beast (D:7)
  2 black bears (D:9)
  3 ice beasts
  A hornet zombie (D:9)
  An ogre (D:7)
  13 centaurs
  3 kobold brigands
  2 scorpions (D:7)
  12 wights
  4 howler monkeys (D:9)
  6 centaur zombies
  2 bullfrog zombies
  A crimson imp (D:6)
  A hound (D:5)
  3 iron imps (D:12)
  An orc priest (D:6)
  4 jellies
  Jessica (D:2)
  2 gnoll shamans
  An iguana (D:6)
  9 orc wizards
  A killer bee zombie (D:8)
  2 howler monkey skeletons
  13 gnolls
  7 adders
  A shadow imp (D:7)
  2 white imps
  3 worms
  36 orcs
  7 endoplasms
  4 giant cockroaches
  6 goblins
  9 hobgoblins
  10 jackals
  29 kobolds
  5 quokkas
  6 ball pythons
  8 bats
  5 frilled lizards
  2 rats (D:1)
293 creatures vanquished.

Vanquished Creatures (others)
  34 fulminant prisms
  A fungus (D:9)
  43 plants
78 creatures vanquished.

Grand Total: 371 creatures vanquished

Notes
Turn   | Place    | Note
-------+----------+-------------------------------------------
     0 | D:1      | mordus the Djinni Conjurer began the quest for the Orb.
     0 | D:1      | Reached XP level 1. HP: 15/15 MP: 0/0
   305 | D:1      | Reached XP level 2. HP: 19/22 MP: 0/0
   577 | D:1      | Reached skill level 1 in Fighting
   853 | D:1      | Reached XP level 3. HP: 25/27 MP: 0/0
   853 | D:1      | Learned a level 1 spell: Sting
  1333 | D:2      | Noticed Jessica
  1334 | D:2      | Found a faded altar of an unknown god.
  1341 | D:2      | Killed Jessica
  1342 | D:2      | Reached XP level 4. HP: 14/33 MP: 0/0
  1743 | D:2      | Found Cuihaycu's General Store.
  1801 | D:2      | Reached skill level 2 in Fighting
  2128 | D:2      | Reached XP level 5. HP: 33/38 MP: 0/0
  2128 | D:2      | Learned a level 2 spell: Poisonous Vapours
  2726 | D:3      | Reached skill level 1 in Shields
  3223 | D:3      | Reached XP level 6. HP: 45/45 MP: 0/0
  3912 | D:4      | Found an opulent altar of Gozag.
  3912 | D:4      | Found a snail-covered altar of Cheibriados.
  3916 | D:4      | Became a worshipper of Gozag Ym Sagoz the Greedy
  4061 | D:4      | Noticed Sigmund
  4076 | D:4      | Killed Sigmund
  4077 | D:4      | Reached skill level 3 in Fighting
  4077 | D:4      | Reached XP level 7. HP: 22/50 MP: 0/0
  4077 | D:4      | Learned a level 3 spell: Vampiric Draining
  4340 | D:4      | Found a staircase to the Ecumenical Temple.
  4524 | D:5      | Entered Level 5 of the Dungeon
  4551 | D:5      | Reached skill level 1 in Slings
  4907 | D:5      | Reached skill level 4 in Fighting
  5081 | D:5      | Reached XP level 8. HP: 55/58 MP: 0/0
  5259 | D:5      | Noticed Prince Ribbit
  5264 | D:5      | Killed Prince Ribbit
  5561 | D:5      | Found a sacrificial altar of Ru.
  5733 | D:6      | Reached skill level 5 in Dodging
  5784 | D:6      | Reached skill level 5 in Spellcasting
  5844 | D:6      | Found a shimmering altar of Xom.
  5844 | D:6      | Found a burning altar of Makhleb.
  5979 | D:6      | Reached skill level 5 in Fighting
  6340 | D:6      | Reached XP level 9. HP: 55/65 MP: 0/0
  6340 | D:6      | Learned a level 4 spell: Animate Dead
  6900 | D:7      | Reached skill level 6 in Fighting
  7014 | D:7      | Noticed DocClef's ghost (amateur GnDe)
  7018 | D:7      | Found a runed translucent door.
  8097 | D:7      | Killed DocClef's ghost
  8209 | D:7      | Gained mutation: You are agile. (Dex +2) [potion of
                  | mutation]
  8236 | D:8      | Reached skill level 7 in Fighting
  8236 | D:8      | Reached XP level 10. HP: 40/75 MP: 0/0
  8686 | D:8      | Found a flagged portal.
  8706 | D:8      | Noticed Joseph
  8725 | D:8      | Killed Joseph
  8796 | Bailey   | Entered a bailey
  9072 | Bailey   | Found an iron altar of Okawaru.
  9072 | Bailey   | Noticed an orc knight
  9099 | Bailey   | Killed an orc knight
  9100 | Bailey   | Reached skill level 8 in Fighting
  9258 | D:8      | Found a white marble altar of Elyvilon.
  9284 | D:8      | Identified the ring "Lomuiqit" {Fire Will+ Dex+2 Slay+3}
  9559 | D:8      | Found Unymo's Serpentskin Sales.
  9786 | D:9      | Found a staircase to the Lair.
  9786 | D:9      | Noticed an elephant
  9804 | D:9      | Killed an elephant
  9805 | D:9      | Reached XP level 11. HP: 33/82 MP: 0/0
  9805 | D:9      | Learned a level 5 spell: Lee's Rapid Deconstruction
  9816 | D:9      | Noticed a two-headed ogre
 10097 | D:9      | Killed a two-headed ogre
 10098 | D:9      | Reached skill level 9 in Fighting
 10451 | D:9      | Found a shadowy altar of Dithmenos.
 10451 | D:9      | Found a faded altar of an unknown god.
 10459 | D:9      | Found a blossoming altar of Fedhas.
 10461 | D:9      | Found a hide-covered altar of Uskayaw.
 10469 | D:9      | Found a faded altar of an unknown god.
 10720 | D:9      | You are sucked into a shaft and drop 3 floors!
 10720 | D:12     | Noticed Kirke
 10727 | D:12     | Noticed Urug
 10730 | D:12     | Reached skill level 5 in Slings
 10732 | D:12     | Killed Kirke
 10747 | D:12     | Killed Urug
 11325 | D:10     | Entered Level 10 of the Dungeon
 11338 | D:10     | Reached skill level 10 in Fighting
 11670 | D:10     | Reached XP level 12. HP: 72/91 MP: 0/0
 12228 | D:10     | Found a glowing golden altar of the Shining One.
 13128 | D:11     | Found a sacrificial altar of Ru.
 13406 | D:11     | Found Edouwa's Antique Weapon Boutique.
 13432 | D:11     | Noticed a skeletal warrior
 13468 | D:11     | Killed a skeletal warrior
 13854 | D:11     | Noticed a skeletal warrior
 13860 | D:11     | Noticed a skeletal warrior
 13862 | D:11     | Noticed a skeletal warrior
 13921 | D:12     | Reached skill level 11 in Fighting
 14220 | D:12     | Identified the +0 pair of gloves of the Furies {rN+ Int+5}
 14356 | D:12     | Found a burning altar of Makhleb.
 14401 | D:12     | Found a staircase to the Orcish Mines.
 14502 | D:12     | Noticed a two-headed ogre
 14509 | D:12     | Killed a two-headed ogre
 15165 | D:11     | Noticed a skeletal warrior
 15195 | D:12     | Mangled by a skeletal warrior

Illustrated notes

Levels and vault maps discovered:
D:1:      wheals_arrival_linesprint, layout_rooms, minmay_pentomino_w4
D:2:      layout_rooms, chequers_ecumenical_altar_simple_redux, serial_shops,
          shop, uniq_jessica
D:3:      layout_loops_ring
D:4:      layout_loops_ring, gammafunk_temple_overflow_wave,
          overflow_temple_1_default, lemuel_temple_firewalk_b, uniq_sigmund
D:5:      layout_loops_cross, kennysheep_little_box,
          chequers_serial_rivers_small_a, serial_bayou_lagoon_a, st_stairs_10,
          item_on_display_a, uniq_prince_ribbit1
D:6:      layout_gridville, grunt_temple_overflow_champion_of_chaos
D:7:      minmay_spotlight, layout_loops_corners, hellmonk_ghost_happy_afterlife
D:8:      layout_basic, nicolae_elyvilon_peaceful_grove, enter_bailey_5,
          guppyfry_shop_venom, uniq_joseph
D:9:      layout_rooms, chequers_temple_overflow_minitemple, david_lair_generic
D:10:     layout_roguey, mainiacjoe_overflow_brackets, grunt_ministairs_12
D:11:     layout_long_grid, gauntlet_entry_generic,
          portal_ice_cave_entry_pillars_2, nicolae_take_the_stairs,
          nicolae_ru_path_of_blood
D:12:     layout_roguey, orc_0_dummy, demons_altar, uniq_urug, uniq_kirke

Skill      XL: |  1  2  3  4  5  6  7  8  9 10 11 12 |
---------------+-------------------------------------+-----
Fighting       | 1 2 3 4 5 7 8 10 11 | 11.3
Dodging        | 3 4 5 6 7 8 9 |  9.5
Shields        | 1 2 3 4 |  4.0
Spellcasting   | 4 5 6 7 8 9 |  9.6
Slings         | 1 2 3 4 5 6 |  6.5
Stealth        | |  1.5

Action                   |  1- 3 |  4- 6 |  7- 9 | 10-12 || total
-------------------------+-------+-------+-------+-------++-------
Melee: Unarmed           |       |     4 |       |       ||     4
       Hunting sling     |       |       |       |     1 ||     1
 Fire: Hunting sling     |       |    12 |    30 |    15 ||    57
 Cast: Magic Dart        |    45 |    31 |    21 |    40 ||   137
       Sting             |     6 |    21 |     2 |     1 ||    30
       Searing Ray       |     1 |    24 |    48 |    72 ||   145
       Poisonous Vapours |       |     7 |     2 |    18 ||    27
       Fulminant Prism   |       |       |     6 |    28 ||    34
       Iskenderun's Myst |       |       |    17 |    46 ||    63
       Vampiric Draining |       |       |       |     1 ||     1
       Lee's Rapid Decon |       |       |       |     1 ||     1
  Use: Scroll            |       |     6 |     5 |     2 ||    13
       Potion            |       |       |    10 |     1 ||    11
Armor: Robe              |     1 |     3 |    15 |    23 ||    42
Dodge: Dodged            |    16 |    15 |    37 |    87 ||   155
Block: Buckler           |       |     6 |    17 |    47 ||    70

Table legend: (Time is in decaauts)
 A = Elapsed time spent in this place.
 B = Non-inter-level travel time spent in this place.
 C = Inter-level travel time spent in this place.
 D = Time resting spent in this place.
 E = Time spent auto-exploring this place.
 F = Levels seen in this place.
 G = Mean time per level.
                   A        B        C        D        E       F      G
               +--------+--------+--------+--------+--------+-----+--------+
         Total |  15196 |  14926 |    270 |   3737 |   8591 |  13 | 1168.9 |
       Dungeon |  14784 |  14514 |    270 |   3647 |   8438 |  12 | 1232.0 |
        Bailey |    411 |    411 |      0 |     90 |    153 |   1 |  411.0 |
               +--------+--------+--------+--------+--------+-----+--------+

Top non-repeatable levels by time:
    D:10: 1750 daAuts
    D:12: 1735 daAuts
     D:7: 1713 daAuts
     D:1: 1256 daAuts
     D:5: 1201 daAuts
     D:2: 1131 daAuts
     D:4: 1127 daAuts
     D:6: 1082 daAuts
     D:8: 1077 daAuts
     D:3: 1010 daAuts
     D:9: 903 daAuts
    D:11: 794 daAuts
  Bailey: 411 daAuts
